 Dungeon Crawl Stone Soup version 0.30.0 (webtiles) character file.

Game seed: 5538957814524258742

159 Ayyar the Grasshopper (level 5, 0/43 HPs)
             Began as a Gnoll Warper on Aug 3, 2023.
             Slain by a quasit (1 damage)
             ... in a sewer.
             The game lasted 00:10:47 (2313 turns).

Ayyar the Grasshopper (Gnoll Warper)                Turns: 2313, Time: 00:10:47

Health: 0/43       AC:  5    Str: 12    XL:     5   Next: 40%
Magic:  21/21      EV:  2    Int: 13    God:
Gold:   136        SH:  0    Dex: -15 (11)Spells: 11/14 levels left

rFire   . . .        a - staff of conjuration "Ahammic" {rElec rC+++ rCorr MP+9}
rCold   + + +        (no shield)
rNeg    . . .        e - +0 ring mail
rPois   .            (no helmet)
rElec   +            (no cloak)
rCorr   +            (no gloves)
SInv    .            (no boots)
Will    .....        (no amulet) Stlth
                     (no ring)
HPRegen 0.27/turn    (no ring)
MPRegen 0.17/turn

%: no passive effects
@: mighty, slowed, lost dexterity, very slow
A: fangs 1, strong nose, distributed training
a: no special abilities


You were in a sewer.
You visited 1 branch of the dungeon, and saw 3 of its levels.
You also visited: Sewer.

You collected 136 gold pieces.

Inventory:

Hand Weapons
 b - a +3 sling of freezing
 q - a +0 falchion
 v - a +2 whip of venom
 w - a +2 dagger of flaming
Missiles
 d - 7 boomerangs of dispersal
 n - 2 boomerangs (quivered)
 o - a throwing net
 r - 6 curare-tipped darts
Armour
 e - a +0 ring mail (worn)
Magical Staves
 a - the staff of conjuration "Ahammic" (weapon) {rElec rC+++ rCorr MP+9}
   (You found it on level 2 of the Dungeon)

   [staff of conjuration]

   Base accuracy: +5 Base damage: 5 Base attack delay: 1.2 This weapon's minimum
   attack delay (0.6) is reached at skill level 12.
   rC:        It renders you almost immune to cold.
   rElec:     It insulates you from electricity.
   MP:        It affects your magic capacity (+9).
   rCorr:     It protects you from acid and corrosion.
   It falls into the 'Staves' category.
   It is a one-handed weapon.
Scrolls
 c - a scroll of blinking
 f - a scroll of vulnerability
 h - a scroll of fog {unknown}
 s - a scroll of amnesia {unknown}
Potions
 g - a potion of curing {unknown}
 i - a potion of brilliance {unknown}
 j - a potion of haste {unknown}
 l - a potion of mutation {unknown}
 m - a potion of cancellation
 p - a potion of attraction {unknown}
 t - a potion of flight {unknown}


   Skills:
 + Level 4.8 Fighting
 + Level 1.5 Short Blades
 + Level 4.8 Long Blades
 + Level 1.5 Axes
 + Level 1.5 Maces & Flails
 + Level 1.5 Polearms
 + Level 1.5 Staves
 + Level 1.5 Ranged Weapons
 + Level 3.0 Throwing
 + Level 3.0 Armour
 + Level 4.8 Dodging
 + Level 1.5 Stealth
 + Level 1.5 Shields
 + Level 1.5 Unarmed Combat
 + Level 5.2 Spellcasting
 + Level 1.2 Conjurations
 + Level 1.2 Hexes
 + Level 1.2 Summonings
 + Level 1.2 Necromancy
 + Level 5.5 Translocations
 + Level 1.2 Transmutations
 + Level 1.2 Fire Magic
 + Level 1.2 Ice Magic
 + Level 1.2 Air Magic
 + Level 1.2 Earth Magic
 + Level 1.2 Poison Magic
 + Level 1.7 Invocations
 + Level 1.5 Evocations


You had 11 spell levels left.
You knew the following spells:

 Your Spells              Type           Power      Damage    Failure   Level
a - Teleport Other        Tloc           17%        N/A       12%         3

Your spell library contained the following spells:

 Spells                   Type           Power      Damage    Failure   Level
 Blink                    Tloc           34%        N/A       6%          2
 Lesser Beckoning         Tloc           34%        N/A       6%          2
 Vhi's Electric Charge    Tloc/Air       24%        N/A       28%         3
 Manifold Assault         Tloc           17%        N/A       36%         4


Dungeon Overview and Level Annotations

Branches:
Dungeon (3/15)              Sewer (1/1)

Altars:

Shops:
D:2 =


Innate Abilities, Weirdness & Mutations

You have very sharp teeth.
Your uncanny sense of smell can sniff out nearby items.
Your experience applies equally to all skills.


Message History

The quasit claws you.
The quasit bites you but does no damage.
The quasit claws you.
* * * LOW HITPOINT WARNING * * *
The quasit claws you but does no damage.
You feel very mighty all of a sudden. The quasit bites you.
* * * LOW HITPOINT WARNING * * *
The quasit claws you.
* * * LOW HITPOINT WARNING * * *
The quasit claws you but does no damage.
You hit the quasit but do no damage.
The quasit is moderately wounded.
The quasit bites you but does no damage.
The quasit claws you but does no damage. x2
The quasit bites you.
* * * LOW HITPOINT WARNING * * *
The quasit claws you.
* * * LOW HITPOINT WARNING * * *
You feel clumsy.
The quasit claws you but does no damage.
The quasit bites you.
* * * LOW HITPOINT WARNING * * *
The quasit claws you but does no damage. x2
You hit the quasit!
The quasit is almost dead.
The quasit bites you but does no damage.
The quasit completely misses you.
The quasit claws you but does no damage.
The quasit barely misses you. The quasit claws you.
* * * LOW HITPOINT WARNING * * *
The quasit claws you but does no damage.
You barely miss the quasit.
The quasit is almost dead.
The quasit bites you but does no damage.
The quasit claws you but does no damage. x2
The quasit bites you.
* * * LOW HITPOINT WARNING * * *
The quasit claws you.
You die...

[......'.......+
∆?......'.§._.§.+
)..)...'.......+
#≈≈≈≈≈≈#...○...#
##########...###
#########)#########
#~≈≈≈≈≈#)..#≈~≈≈≈≈#≈
#≈~≈~≈~÷(.K5~~~≈≈~~~
#......#...#@.....#
#)#######≈#######+#
#......#~≈~#......#
#~~.~..#≈≈≈#..~~~≈#
#≈≈≈≈≈...≈...≈≈≈≈~#
#≈≈≈≈≈~#..÷#~≈≈≈≈≈#
#≈≈≈≈≈~#...≈≈≈≈≈≈≈#
#≈≈≈≈≈≈#...#≈≈≈≈≈≈#
#≈≈≈≈≈≈≈...#≈≈≈≈≈≈#


You could see a quasit and a kobold.

Vanquished Creatures
  A quasit (Sewer)
  An adder (D:2)
  4 gnolls (D:2)
  A shadow imp (Sewer)
  An ufetubus (Sewer)
  4 ball pythons
  6 bats
  7 endoplasms
  6 giant cockroaches
  4 goblins
  4 hobgoblins (D:1)
  A quokka (D:3)
  3 frilled lizards (D:2)
  16 kobolds
  2 kobold zombies (Sewer)
  6 rats
67 creatures vanquished.

Notes
Turn   | Place    | Note
-------+----------+-------------------------------------------
     0 | D:1      | Ayyar the Gnoll Warper began the quest for the Orb.
     0 | D:1      | Reached XP level 1. HP: 20/20 MP: 6/6
   174 | D:1      | Reached XP level 2. HP: 26/26 MP: 7/7
   418 | D:1      | Reached skill level 5 in Spellcasting
   418 | D:1      | Reached XP level 3. HP: 31/31 MP: 7/9
   903 | D:2      | Reached skill level 1 in Invocations
   909 | D:2      | Reached skill level 1 in Short Blades
   909 | D:2      | Reached skill level 1 in Axes
   909 | D:2      | Reached skill level 1 in Maces & Flails
   909 | D:2      | Reached skill level 1 in Polearms
   909 | D:2      | Reached skill level 1 in Staves
   909 | D:2      | Reached skill level 1 in Ranged Weapons
   909 | D:2      | Reached skill level 1 in Stealth
   909 | D:2      | Reached skill level 1 in Shields
   909 | D:2      | Reached skill level 1 in Unarmed Combat
   909 | D:2      | Reached skill level 1 in Evocations
   917 | D:2      | Reached XP level 4. HP: 12/38 MP: 11/11
  1326 | D:2      | Identified the staff of conjuration "Ahammic" {rElec rC+++
                  | rCorr MP+9}
  1389 | D:2      | Reached skill level 1 in Conjurations
  1389 | D:2      | Reached skill level 1 in Hexes
  1389 | D:2      | Reached skill level 1 in Summonings
  1389 | D:2      | Reached skill level 1 in Necromancy
  1389 | D:2      | Reached skill level 1 in Transmutations
  1389 | D:2      | Reached skill level 1 in Fire Magic
  1389 | D:2      | Reached skill level 1 in Ice Magic
  1389 | D:2      | Reached skill level 1 in Air Magic
  1389 | D:2      | Reached skill level 1 in Earth Magic
  1389 | D:2      | Reached skill level 1 in Poison Magic
  1394 | D:2      | Learned a level 3 spell: Teleport Other
  1638 | D:2      | Found Rurol's Jewellery Emporium.
  1715 | D:3      | Found a glowing drain.
  1719 | Sewer    | Entered a sewer
  2020 | Sewer    | Reached XP level 5. HP: 34/43 MP: 12/12
  2109 | Sewer    | Found a burning altar of Makhleb.
  2282 | Sewer    | Lost dexterity.
  2290 | Sewer    | HP: 2/43 [quasit (1)]
  2312 | Sewer    | HP: 2/43 [quasit (2)]
  2313 | Sewer    | Slain by a quasit

Illustrated notes

Levels and vault maps discovered:
D:1:      dpeg_arrival_fog, layout_basic, minmay_misc_feat_encased
D:2:      layout_basic, serial_shops, nicolae_shop_trees
D:3:      layout_basic, gup_sewer_entry_bowl, hellmonk_ecumenical_altar_lost_god
Sewer:    kennysheep_sewer_church

Skill      XL: |  1  2  3  4  5 |
---------------+----------------+-----
Spellcasting   | 5 |  5.2
Invocations    | 1 |  1.7
Short Blades   | 1 |  1.5
Axes           | 1 |  1.5
Maces & Flails | 1 |  1.5
Polearms       | 1 |  1.5
Staves         | 1 |  1.5
Ranged Weapons | 1 |  1.5
Stealth        | 1 |  1.5
Shields        | 1 |  1.5
Unarmed Combat | 1 |  1.5
Evocations     | 1 |  1.5
Conjurations   | 1 |  1.2
Hexes          | 1 |  1.2
Summonings     | 1 |  1.2
Necromancy     | 1 |  1.2
Transmutations | 1 |  1.2
Fire Magic     | 1 |  1.2
Ice Magic      | 1 |  1.2
Air Magic      | 1 |  1.2
Earth Magic    | 1 |  1.2
Poison Magic   | 1 |  1.2
Throwing       | 3 |  3.0
Armour         | 3 |  3.0
Fighting       | |  4.8
Long Blades    | |  4.8
Dodging        | |  4.8
Translocations | |  5.5

Action                     |  1- 3 |  4- 6 || total
---------------------------+-------+-------++-------
  Melee: Falchion          |    43 |    24 ||    67
         Bite              |     6 |     6 ||    12
         Staff             |       |    73 ||    73
         Punch             |       |     1 ||     1
   Fire: Sling             |       |    34 ||    34
  Throw: Boomerang         |    42 |    22 ||    64
    Use: Scroll            |       |     1 ||     1
         Potion            |       |     5 ||     5
 Armour: Ring mail         |    17 |   198 ||   215
  Dodge: Dodged            |    18 |   145 ||   163
